 Dungeon Crawl Stone Soup version 0.24.0-10-g970556be89 (webtiles) character file.

Game seed: 158331066471408507, levelgen mode: deterministic

129 Esekla the Skirmisher (level 4, -5/41 HPs)
             Began as a Draconian Chaos Knight on Nov 3, 2019.
             Was a Plaything of Xom.
             Slain by a worker ant (9 damage)
             ... on level 4 of the Dungeon.
             The game lasted 00:13:32 (2164 turns).

Esekla the Skirmisher (Draconian Chaos Knight)      Turns: 2164, Time: 00:13:32

Health: -5/41      AC:  5    Str: 14    XL:     4   Next: 88%
Magic:  4/4        EV: 12    Int: 12    God:    Xom [.....*]
Gold:   27         SH:  0    Dex: 10    Spells: 3/3 levels left

rFire    . . .     SeeInvis .   a - +0 falchion (chaos)
rCold    . . .     Gourm    .   (no shield)
rNeg     + . .     Faith    .   (armour unavailable)
rPois    .         Spirit   .   (helmet restricted)
rElec    .         Reflect  .   (no cloak)
rCorr    .         Harm     .   (no gloves)
MR       .....                  (no boots)
Stlth    +.........             (no amulet)
HPRegen  0.13/turn              q - ring of positive energy
MPRegen  0.09/turn              (no ring)

@: no status effects
A: unfitting armour, blurry vision 1, clumsy 1, deterioration 2, cold-blooded,
AC +5
a: Renounce Religion


You were on level 4 of the Dungeon.
You worshipped Xom.
You were Xom's teddy bear.
You were not hungry.

You visited 1 branch of the dungeon, and saw 4 of its levels.

You collected 27 gold pieces.

Inventory:

Hand Weapons
 a - a +0 falchion of chaos (weapon)
Jewellery
 q - a ring of positive energy (left hand)
Scrolls
 d - a scroll of remove curse
 f - 2 scrolls of fog {unknown}
 g - a scroll of blinking {unknown}
 j - 2 scrolls of enchant armour {unknown}
 l - a scroll of random uselessness {unknown}
 m - a scroll of fear {unknown}
 n - a scroll of amnesia {unknown}
Potions
 c - 2 potions of lignification
 h - a potion of haste {unknown}
 i - a potion of mutation {unknown}
 o - a potion of resistance {unknown}
 r - a potion of brilliance {unknown}
Comestibles
 b - 5 rations
 p - a chunk of flesh


   Skills:
 * Level 4.7 Fighting
 + Level 4.0 Long Blades
 + Level 2.7 Dodging
 + Level 1.1 Stealth


You had 3 spell levels left.
You didn't know any spells.
Your spell library was empty.

Dungeon Overview and Level Annotations

Branches:
Dungeon (4/15)
 Temple: D:4-7

Altars:
Trog
Wu Jian

Annotations:
D:3 Grinder
D:4 Robin


Innate Abilities, Weirdness & Mutations

Your plain brown scales are hard. (AC +5)
You cannot fit into any form of body armour.
You are cold-blooded and may be slowed by cold attacks.
Scrolls take you a little longer to read.
You are clumsy. (Dex -2)
Your body often deteriorates upon taking damage.


Message History

* * * LOW HITPOINT WARNING * * *
Something bites you.
* * * LOW HITPOINT WARNING * * *
"You need some minor improvements, mortal!"
Your body is suffused with distortional energy.
You feel yourself wasting away.
You feel your body start to fall apart.
You feel clumsy.
Your vision blurs.
You are now Xom's teddy bear.
Something bites you.
* * * LOW HITPOINT WARNING * * *
You are lethally poisoned!
Something poisons you!
There is an open door here.
You feel better. Something bites you.
* * * LOW HITPOINT WARNING * * *
You closely miss something. You tail-slap something.
Something bites you but does no damage.
You hit something but do no damage. You tail-slap something.
Something bites you!
You die...

#...........#
#........ยงยง.#
#.......(...#
#...........#
#..........#
#.!.....####
#.......#
###{############
#@#..........#
#.#.<..#####.#
#.#..#.# #.#
#.#..#.# #.#
#.#..#.#####.#
#.####.#.....#
#......#.#####
########.#...#
#...#.#.#


There were no monsters in sight!

Vanquished Creatures
  A howler monkey (D:4)
  3 gnolls (D:3)
  An adder (D:2)
  A worm (D:2)
  A dart slug (D:2)
  4 giant cockroaches
  4 goblins
  7 hobgoblins
  A quokka (D:3)
  3 ball pythons
  6 bats
  A frilled lizard (D:1)
  5 kobolds
  8 rats
  A bush (D:3)
  2 plants (D:3)
49 creatures vanquished.

Vanquished Creatures (collateral kills)
  A hobgoblin (D:1)
1 creature vanquished.

Grand Total: 50 creatures vanquished

Notes
Turn   | Place    | Note
-------+----------+-------------------------------------------
     0 | D:1      | Esekla the Draconian Chaos Knight began the quest for the
                  | Orb.
     0 | D:1      | Reached XP level 1. HP: 19/19 MP: 1/1
   170 | D:1      | Reached XP level 2. HP: 26/26 MP: 2/2
   299 | D:1      | XOM: harmless Tloc miscast
   368 | D:1      | XOM: harmless Hex miscast
   402 | D:1      | XOM: harmless Tmut miscast
   494 | D:1      | XOM: harmless Tmut miscast
   821 | D:2      | Reached XP level 3. HP: 31/33 MP: 3/3
   836 | D:2      | XOM: smoke on damage
   911 | D:2      | XOM: harmless Summ miscast
  1115 | D:2      | Found an ornate altar of the Wu Jian Council.
  1428 | D:3      | Reached XP level 4. HP: 23/41 MP: 4/4
  1491 | D:3      | Found a bloodstained altar of Trog.
  1528 | D:3      | XOM: harmless Fire miscast
  1626 | D:3      | Noticed Grinder
  1749 | D:3      | Paralysed by Grinder for 2 turns
  1763 | D:3      | Noticed Grinder
  1763 | D:3      | Grinder changed into Grinder the ynoxinul
  1763 | D:3      | XOM: polymorph Grinder -> Grinder the ynoxinul
  1836 | D:4      | XOM: mild Conj miscast
  2093 | D:4      | XOM: 1-stop teleportation journey
  2107 | D:4      | Reached skill level 1 in Stealth
  2141 | D:4      | Noticed Robin
  2141 | D:4      | XOM: 1-stop teleportation journey
  2153 | D:4      | XOM: smoke on damage
  2156 | D:4      | XOM: give mutations
  2156 | D:4      | Gained mutation: Your body sometimes deteriorates upon
                  | taking damage. [Xom's mischief]
  2156 | D:4      | Gained mutation: Your body often deteriorates upon taking
                  | damage. [Xom's mischief]
  2156 | D:4      | Gained mutation: You are clumsy. (Dex -2) [Xom's mischief]
  2156 | D:4      | Gained mutation: Scrolls take you a little longer to read.
                  | [Xom's mischief]
  2160 | D:4      | HP: 2/41 [something (4)]
  2164 | D:4      | Slain by a worker ant

Levels and vault maps discovered:
D:1:      lemuel_arrival_funnel, layout_loops_ring
D:2:      layout_basic, nicolae_overflow_crystal_walls
D:3:      layout_loops_ring, nicolae_tso_carved_into_rock, bloody_trog,
          serial_forest, infiniplex_forest_end_2, infiniplex_forest_straight_3,
          infiniplex_forest_clump_double, infiniplex_forest_clump_C,
          infiniplex_forest_clump_small, kennysheep_doodads, uniq_grinder
D:4:      layout_basic, uniq_robin, uniq_ijyb

Skill      XL: |  1  2  3  4 |
---------------+-------------+-----
Fighting       | 4 |  4.7
Stealth        | 1 |  1.1
Long Blades    | 4 |  4.0
Dodging        | |  2.7

Action                   |  1- 3 |  4- 6 || total
-------------------------+-------+-------++-------
Melee: Falchion          |    91 |    60 ||   151
       Tailslap          |     4 |    13 ||    17
  Use: Scroll            |       |     3 ||     3
       Potion            |       |     2 ||     2
 Stab: Sleeping          |     1 |     1 ||     2
       Confused          |     1 |       ||     1
       Paralysed         |     2 |       ||     2
  Eat: Chunk             |     1 |     3 ||     4
Armor: Skin              |    29 |    20 ||    49
Dodge: Dodged            |    43 |    26 ||    69
       Rpst.: Falchion   |     9 |     7 ||    16
